 Dungeon Crawl Stone Soup version 0.24.0-29-g8ce449bc06 (webtiles) character file.

Game seed: 3452460073783292729, levelgen mode: deterministic

71974 Flugslaktarn the Severer (level 14, -9/129 HPs)
             Began as a Minotaur Fighter on Nov 14, 2019.
             Was the Champion of Makhleb.
             Killed by angry trees
             ... awakened by a spriggan druid
              (11 damage)
             ... on level 4 of the Swamp.
             The game lasted 00:16:19 (22821 turns).

Flugslaktarn the Severer (Minotaur Fighter)        Turns: 22821, Time: 00:16:19

Health: -9/129     AC: 27    Str: 27    XL:     14   Next: 99%
Magic:  30/30      EV: 10    Int: 10    God:    Makhleb [******]
Gold:   1636       SH:  0    Dex:  7    Spells: 13/13 levels left

rFire    + + +     SeeInvis .   G - +4 executioner's axe (elec)
rCold    + . .     Gourm    .   (shield currently unavailable)
rNeg     + . .     Faith    .   C - +3 plate armour
rPois    +         Spirit   .   N - +3 hat of Pondering {ponderous, MR+ MP+10 Int+5}
rElec    +         Reflect  .   S - +0 cloak of the Equinox {rPois rN+}
rCorr    .         Harm     .   B - +2 pair of gloves
MR       +++..                  (no boots)
Stlth    ..........             b - amulet "Mumnuowech" {+Rage rElec rPois rF+}
HPRegen  0.31/turn              c - ring of protection from cold
MPRegen  0.22/turn              m - ring of protection from magic

@: lethally poisoned (-9 -> -10), studying Evocations, very slow
A: retaliatory headbutt, horns 2, clumsy 1, fire resistance 2
a: Minor Destruction, Lesser Servant of Makhleb, Major Destruction, Greater
Servant of Makhleb, Renounce Religion, Evoke Berserk Rage


You were on level 4 of the Swamp.
You worshipped Makhleb.
Makhleb was exalted by your worship.
You were near starving.

You visited 4 branches of the dungeon, and saw 24 of its levels.
You also visited: Ossuary.

You collected 1888 gold pieces.
You spent 252 gold pieces at shops.

Inventory:

Hand Weapons
 f - a +4 war axe
   (You took it off a wight on level 7 of the Dungeon)
 G - a +4 executioner's axe of electrocution (weapon)
   (You acquired it on level 5 of the Lair of Beasts)
Armour
 w - a +2 large shield
   (You found it on level 6 of the Lair of Beasts)
 B - a +2 pair of gloves (worn)
   (You found it on level 4 of the Dungeon)
 C - a +3 plate armour (worn)
   (You found it on level 9 of the Dungeon)
 N - the +3 hat of Pondering (worn) {ponderous, MR+ MP+10 Int+5}
   (You took it off Gastronok on level 10 of the Dungeon)

   It affects your intelligence (+5).
   It affects your resistance to hostile enchantments.
   It affects your magic capacity (+10).
 S - the +0 cloak of the Equinox (worn) {rPois rN+}
   (You found it on level 12 of the Dungeon)

   It protects you from poison.
   It protects you from negative energy.
Jewellery
 b - the amulet "Mumnuowech" (around neck) {+Rage rElec rPois rF+}
   (You found it on level 4 of the Lair of Beasts)

   [amulet of rage]

   It protects you from fire.
   It insulates you from electricity.
   It protects you from poison.
   It lets you go berserk.
 c - a ring of protection from cold (left hand)
   (You found it on level 1 of the Dungeon)
 i - an uncursed ring of see invisible
   (You found it on level 4 of the Lair of Beasts)
 m - a ring of protection from magic (right hand)
   (You found it on level 2 of the Dungeon)
 n - an uncursed ring of positive energy
   (You found it on level 1 of the Dungeon)
 Q - an uncursed amulet of rage {unknown}
   (You found it on level 12 of the Dungeon)
Wands
 g - a wand of acid (5)
   (You took it off Ijyb on level 3 of the Dungeon)
 x - a wand of enslavement (5)
   (You found it on level 6 of the Lair of Beasts)
Scrolls
 a - 3 scrolls of brand weapon
 j - a scroll of magic mapping
 k - 12 scrolls of remove curse
 l - 4 scrolls of fog
 r - 7 scrolls of identify
 t - 5 scrolls of teleportation
 y - 3 scrolls of immolation
 F - a scroll of vulnerability
 H - a scroll of enchant armour
 M - a scroll of enchant weapon
 P - 2 scrolls of fear
 R - a scroll of random uselessness {unknown}
Potions
 d - 2 potions of might
 h - 5 potions of haste
 o - a potion of resistance
 p - 7 potions of lignification
 q - 3 potions of curing
 s - 3 potions of agility
 u - a potion of cancellation
 v - 2 potions of mutation
 z - a potion of magic
 A - 6 potions of brilliance
 D - a potion of berserk rage
 E - 4 potions of flight
 O - 2 potions of ambrosia
Books
 L - a manual of Evocations
   (You found it on level 6 of the Lair of Beasts)
Comestibles
 e - 30 rations


   Skills:
 + Level 13.2 Fighting
 * Level 17.3 Axes
 + Level 13.2 Armour
 + Level 7.5 Dodging
 - Level 10.9 Shields
 + Level 10.5 Invocations
 - Level 5.0 Evocations


You had 13 spell levels left.
You didn't know any spells.
Your spell library was empty.

Dungeon Overview and Level Annotations

Branches:
Dungeon (12/15)            Temple (0/1) D:5            Lair (6/6) D:8
  Swamp (4/4) Lair:3        Snake (0/4) Lair:3        Slime (0/5) Lair:6
    Orc (2/2) D:12            Elf (0/3) Orc:2       Ossuary (visited)

Altars:
Ashenzari
Dithmenos
Fedhas
Gozag
Makhleb
Nemelex Xobeh
Okawaru
Qazlal
Ru
Trog
Beogh
Jiyva

Shops:
D:6 [   D:11 ?   Orc:2 [%[*

Annotations:
D:3 2 transporters, Aviak's ghost, amateur GrAs
D:4 1 runed translucent door, Ratty's ghost, novice DENe
D:8 3 runed translucent doors, p0werm0de's ghost, novice DDFi
D:10 3 runed translucent doors, 2 transporters, Mesmaeker13's ghost, novice DrCj
Lair:1 exclusion: oklob plant
Lair:2 1 runed translucent door, Zoobame's ghost, journeyman DEWz
Lair:4 1 transporter, exclusion: oklob plant, Thantalas's ghost, journeyman GrEE


Innate Abilities, Weirdness & Mutations

You reflexively headbutt those who attack you in melee.
You have a pair of horns on your head.
You are clumsy. (Dex -2)
Your flesh is very heat resistant. (rF++)


Message History

Unknown command.
Okay, then.
Unknown command.
A tree reaches out and hits you!
* * * LOW HITPOINT WARNING * * *
The swamp dragon barely misses you. x2; The swamp dragon tramples you.
* * * LOW HITPOINT WARNING * * *
You hold your ground!
Unknown command.
You enter the shallow water.
Moving in this stuff is going to be slow.
You feel sick.
The vampire mosquito buzzes angrily.
You hear an angry buzzing noise.
You hear a roar!
Tree limbs sway around you. A tree reaches out and hits you.
* * * LOW HITPOINT WARNING * * *
You feel roots moving beneath the ground.
You are hit by a branch!
You die...

≈≈♣♣♣.≈≈≈≈≈≈♣ ♣≈♣
≈≈♣♣.≈≈≈≈≈≈≈.≈♣.♣#
≈≈≈≈.≈≈..≈≈.≈≈≈≈.#
≈≈≈≈♣....≈≈≈♣....♣♣#
≈≈.≈♣♣♣≈≈≈.≈≈♣♣..≈≈# .
≈.♣♣.≈♣♣♣≈.≈≈≈....≈♣## ?#
♣♣♣≈..≈♣♣.≈≈≈.≈≈...≈≈##.##.
♣♣♣....♣♣.≈≈≈≈♣.≈≈D♣.≈D≈.≈.
.♣♣.≈≈≈≈..≈≈.§♣≈@≈D≈≈D♣≈♣.
..♣.≈≈≈≈...♣♣♣♣♣♣.Dii§≈y.≈♣
≈≈♣≈≈≈≈≈≈♣♣♣ ♣♣♣♣♣♣.y.≈≈
≈≈≈♣≈≈≈.♣♣♣♣..§ .≈.≈
≈≈≈..≈§.≈≈≈.≈≈≈ ≈.≈
≈≈≈......≈≈.≈≈≈ .≈
≈≈.≈.≈.≈....≈≈≈ .
≈≈...≈.♣♣♣♣.≈≈≈ .....≈≈≈≈
♣.≈≈


You could see a seven-headed hydra, a six-headed hydra, a five-headed hydra, 2
swamp dragons, a spriggan rider, a spriggan druid and 2 vampire mosquitoes.

Vanquished Creatures
  Gastronok (D:10)
  Fannar (D:11)
  A ghost crab (Swamp:1)
  7 hydras
  Erica (Orc:1)
  3 alligators
  2 two-headed ogres (D:10)
  3 death yaks (Lair:5)
  4 orc high priests (Orc:2)
  2 unseen horrors (D:12)
  2 swamp dragons
  An orc knight (Orc:1)
  Pikel (D:7)
  2 orc sorcerers
  2 cyclopes
  4 ugly things
  5 black mambas
  9 elephants
  A gargoyle (D:11)
  31 spiny frogs
  2 centaur skeletons
  A kobold demonologist (D:12)
  A rime drake (Lair:6)
  8 komodo dragons
  2 ice devils (D:11)
  4 trolls
  A polar bear (Lair:5)
  8 hippogriffs
  A hornet (Swamp:4)
  6 tyrant leeches
  8 slime creatures (Swamp:4)
  11 blink frogs (Lair:6)
  3 bog bodies (Swamp:4)
  2 shadows
  2 spriggans
  4 wyverns
  34 yaks
  A vampire (D:8)
  6 vampire mosquitoes (Lair:6)
  3 hungry ghosts
  2 basilisks (Lair:5)
  A warg (Orc:2)
  6 swamp worms
  13 water moccasins
  3 swamp drakes
  2 hornet zombies
  11 orc warriors
  10 porcupines
  4 sky beasts
  An eye of draining (D:11)
  A slave (D:7)
  2 black bears (D:8)
  An ice beast (D:6)
  2 necrophages
  8 phantoms
  7 ogres
  8 wolves
  10 centaurs
  15 crocodiles
  An elf zombie (Ossuary)
  Blork the orc (D:4)
  30 bullfrogs
  4 scorpions
  11 wights
  5 killer bees (D:7)
  2 electric eels (Lair:6)
  4 howler monkeys
  6 crimson imps
  A bullfrog zombie (D:12)
  A centaur zombie (Ossuary)
  A quasit (D:12)
  A bullfrog skeleton (D:12)
  27 orc priests
  5 hounds
  8 jellies
  4 iguanas
  2 human zombies (Ossuary)
  Ijyb (D:3)
  25 orc wizards
  10 worker ants
  A killer bee zombie (D:10)
  A big kobold zombie (Ossuary)
  6 ogre zombies (D:12)
  A hound skeleton (D:10)
  2 mummies (Ossuary)
  7 gnolls
  13 adders
  5 shadow imps
  5 oozes
  An adder skeleton (D:10)
  4 dart slugs
  5 leopard geckos
  35 orcs
  3 ball pythons
  8 bats
  5 giant cockroaches
  6 goblins
  10 hobgoblins
  10 jackals
  5 quokkas
  8 frilled lizards
  4 goblin zombies
  2 hobgoblin skeletons (D:12)
  14 hobgoblin zombies
  A jackal zombie (Ossuary)
  9 kobolds
  10 kobold zombies (Ossuary)
  A leopard gecko zombie (D:5)
  3 orc skeletons (D:12)
  14 orc zombies
  A quokka skeleton (D:6)
  A quokka zombie (D:8)
  6 rats
  A rat zombie (Ossuary)
  11 fungi
  8 plants
675 creatures vanquished.

Vanquished Creatures (collateral kills)
  3 hydras
  A torpor snail (Lair:4)
  2 spiny frogs
  A black mamba (Lair:4)
  A hippogriff (Lair:4)
  A water moccasin (Lair:6)
  A wolf (Lair:6)
  2 bullfrogs (Lair:4)
12 creatures vanquished.

Vanquished Creatures (others)
  A spiny frog (Swamp:1)
  A slave (D:7)
  An orc priest (Orc:2)
  8 fungi
  39 plants
50 creatures vanquished.

Grand Total: 737 creatures vanquished

Notes
Turn   | Place    | Note
-------+----------+-------------------------------------------
     0 | D:1      | Flugslaktarn the Minotaur Fighter began the quest for the
                  | Orb.
     0 | D:1      | Reached XP level 1. HP: 19/19 MP: 0/0
    72 | D:1      | Reached XP level 2. HP: 26/27 MP: 1/1
   158 | D:1      | Reached skill level 3 in Axes
   405 | D:1      | Reached XP level 3. HP: 33/33 MP: 2/2
   934 | D:2      | Found a stormy altar of Qazlal.
  1264 | D:2      | Reached XP level 4. HP: 39/40 MP: 3/3
  1541 | D:3      | Reached skill level 4 in Axes
  1687 | D:3      | Noticed Aviak's ghost (amateur GrAs)
  1741 | D:3      | Found a transporter.
  1755 | D:3      | Found a transporter.
  1830 | D:3      | Reached XP level 5. HP: 42/47 MP: 4/4
  1999 | D:3      | Noticed Ijyb
  2010 | D:3      | Killed Ijyb
  2174 | D:4      | Found a burning altar of Makhleb.
  2201 | D:4      | Reached skill level 5 in Axes
  2201 | D:4      | Reached XP level 6. HP: 43/55 MP: 5/5
  2208 | D:4      | Became a worshipper of Makhleb the Destroyer
  2347 | D:4      | Noticed Blork the orc
  2351 | D:4      | Reached skill level 1 in Evocations
  2355 | D:4      | Killed Blork the orc
  2355 | D:4      | Reached skill level 5 in Fighting
  2355 | D:4      | Reached skill level 5 in Armour
  2359 | D:4      | Reached skill level 5 in Shields
  2560 | D:4      | Found a runed translucent door.
  2562 | D:4      | Noticed Ratty's ghost (novice DENe)
  2571 | D:4      | Found a bloodstained altar of Trog.
  2571 | D:4      | Found an iron altar of Okawaru.
  2577 | D:4      | Reached skill level 1 in Invocations
  2762 | D:4      | Reached XP level 7. HP: 50/61 MP: 7/7
  2895 | D:5      | Entered Level 5 of the Dungeon
  2969 | D:5      | Reached skill level 6 in Axes
  3019 | D:5      | Reached * piety under Makhleb
  3239 | D:5      | Found a sparkling altar of Nemelex Xobeh.
  3315 | D:5      | Found a staircase to the Ecumenical Temple.
  3499 | D:6      | Found a blossoming altar of Fedhas.
  3520 | D:6      | Reached XP level 8. HP: 61/70 MP: 8/8
  3654 | D:6      | Found Midebudd's Antique Armour Shoppe.
  3674 | D:6      | Found a sacrificial altar of Ru.
  3682 | D:6      | Reached skill level 7 in Axes
  4244 | D:6      | Noticed a hippogriff
  4254 | D:6      | Killed a hippogriff
  4511 | D:7      | Reached skill level 8 in Axes
  4781 | D:7      | Gained mutation: Your flesh is heat resistant. (rF+)
                  | [potion of mutation]
  4781 | D:7      | Gained mutation: Your flesh is very heat resistant. (rF++)
                  | [potion of mutation]
  4841 | D:7      | Found a shattered altar of Ashenzari.
  4983 | D:7      | Reached XP level 9. HP: 78/78 MP: 10/10
  5262 | D:7      | Noticed Pikel
  5275 | D:7      | Killed Pikel
  5359 | D:7      | Reached ** piety under Makhleb
  5362 | D:7      | Reached skill level 9 in Axes
  5877 | D:8      | Found a shadowy altar of Dithmenos.
  5943 | D:8      | Found a sand-covered staircase.
  5951 | Ossuary  | Entered an ossuary
  6022 | Ossuary  | Reached *** piety under Makhleb
  6472 | D:8      | Found a runed translucent gate.
  6472 | D:8      | Found a runed translucent gate.
  6503 | D:8      | Found a staircase to the Lair.
  6507 | D:8      | Reached XP level 10. HP: 62/86 MP: 12/12
  6526 | D:8      | Reached skill level 10 in Axes
  6749 | D:8      | Reached skill level 5 in Invocations
  6808 | D:8      | Found a sparkling altar of Nemelex Xobeh.
  6809 | D:8      | Found an opulent altar of Gozag.
  6888 | D:8      | Noticed p0werm0de's ghost (novice DDFi)
  6911 | D:8      | Found a runed translucent gate.
  7112 | D:9      | Reached skill level 5 in Evocations
  7190 | Lair:1   | Entered Level 1 of the Lair of Beasts
  7205 | Lair:1   | Noticed an eight-headed hydra
  7205 | Lair:1   | Noticed a four-headed hydra
  7206 | Lair:1   | Noticed a spiny frog
  7212 | Lair:1   | Killed a four-headed hydra
  7212 | Lair:1   | Reached skill level 11 in Axes
  7222 | Lair:1   | Killed a spiny frog
  7222 | Lair:1   | Killed an 11-headed hydra
  7222 | Lair:1   | Reached XP level 11. HP: 80/95 MP: 14/14
  7328 | Lair:1   | Reached **** piety under Makhleb
  7910 | Lair:1   | Noticed a five-headed hydra
  7917 | Lair:1   | Killed a seven-headed hydra
  7921 | Lair:1   | Noticed a five-headed hydra
  7937 | Lair:1   | Killed an 11-headed hydra
  7937 | Lair:1   | Reached skill level 12 in Axes
  8286 | Lair:1   | Noticed an oklob plant
  8771 | Lair:2   | Got a translucent chain mail
  8782 | Lair:2   | Identified the cursed +0 chain mail of Poveoz {*Slow rN+++
                  | MR- Str+2} (You found it on level 2 of the Lair of Beasts)
  8852 | Lair:2   | Found a runed translucent door.
  8932 | Lair:2   | Noticed Zoobame's ghost (journeyman DEWz)
 10046 | Lair:3   | Reached skill level 10 in Armour
 10046 | Lair:3   | Reached skill level 10 in Shields
 10291 | Lair:3   | Found a staircase to the Snake Pit.
 10457 | Lair:3   | Found a staircase to the Swamp.
 10577 | Lair:3   | Reached skill level 10 in Fighting
 10577 | Lair:3   | Reached skill level 13 in Axes
 10629 | Lair:3   | Reached XP level 12. HP: 106/106 MP: 16/16
 10876 | Lair:4   | Found a transporter.
 11309 | Lair:4   | Noticed a six-headed hydra
 11325 | Lair:4   | Killed a six-headed hydra
 11362 | Lair:4   | Noticed Thantalas's ghost (journeyman GrEE)
 11363 | Lair:4   | Found a transporter.
 11977 | Lair:4   | Got a slimy brass amulet
 11994 | Lair:4   | Identified the amulet of the Omega Point {Inacc rPois Int+6
                  | Dex+8 Stlth-} (You found it on level 4 of the Lair of
                  | Beasts)
 12205 | Lair:4   | Got a pitted ruby amulet
 12425 | Lair:4   | Identified the amulet "Mumnuowech" {+Rage rElec rPois rF+}
                  | (You found it on level 4 of the Lair of Beasts)
 12454 | Lair:5   | Noticed a death yak
 12454 | Lair:5   | Noticed a death yak
 12454 | Lair:5   | Noticed a death yak
 12466 | Lair:5   | Killed a death yak
 12469 | Lair:5   | Killed a death yak
 12471 | Lair:5   | Killed a death yak
 12590 | Lair:5   | Reached skill level 14 in Axes
 12592 | Lair:5   | Reached ***** piety under Makhleb
 12824 | Lair:5   | Identified a scroll of acquirement
 12868 | Lair:5   | Noticed a six-headed hydra
 13213 | Lair:5   | Killed an eight-headed hydra
 13503 | Lair:5   | Reached skill level 1 in Dodging
 13819 | Lair:6   | Entered Level 6 of the Lair of Beasts
 13875 | Lair:6   | Noticed a four-headed hydra
 13882 | Lair:6   | Killed a four-headed hydra
 13882 | Lair:6   | Reached XP level 13. HP: 110/116 MP: 18/18
 14039 | Lair:6   | HP: 7/174 [tyrant leech (14)]
 14049 | Lair:6   | Reached skill level 15 in Axes
 14855 | Lair:6   | Found a viscous altar of Jiyva.
 14856 | Lair:6   | Found a staircase to the Slime Pits.
 14905 | Lair:6   | HP: 4/117 [tyrant leech (22)]
 16416 | D:10     | Entered Level 10 of the Dungeon
 16556 | D:10     | Noticed Gastronok
 16563 | D:10     | Killed Gastronok
 16563 | D:10     | Reached skill level 5 in Dodging
 16786 | D:10     | Found a runed translucent gate.
 16787 | D:10     | Found a runed translucent gate.
 16791 | D:10     | Found a runed translucent gate.
 17297 | D:10     | Found a transporter.
 17297 | D:10     | Found a transporter.
 17316 | D:10     | Noticed Mesmaeker13's ghost (novice DrCj)
 17742 | D:11     | Reached skill level 16 in Axes
 17742 | D:11     | Reached XP level 14. HP: 83/126 MP: 20/20
 18127 | D:11     | Found Nimamuu's Magic Scroll Shoppe.
 18141 | D:11     | Bought a scroll of fear for 63 gold pieces
 18141 | D:11     | Bought a scroll of teleportation for 54 gold pieces
 18141 | D:11     | Bought a scroll of fog for 36 gold pieces
 18141 | D:11     | Bought a scroll of fog for 36 gold pieces
 18141 | D:11     | Bought a scroll of fear for 63 gold pieces
 18443 | D:11     | Reached ****** piety under Makhleb
 18495 | D:11     | Noticed Fannar
 18506 | D:11     | Killed Fannar
 18842 | D:12     | Found a sacrificial altar of Ru.
 19061 | D:12     | Got a spiked cloak
 19079 | D:12     | Identified the +0 cloak of the Equinox {rPois rN+} (You
                  | found it on level 12 of the Dungeon)
 19603 | D:12     | Reached skill level 10 in Invocations
 19612 | D:12     | Found a staircase to the Orcish Mines.
 19748 | Orc:1    | Entered Level 1 of the Orcish Mines
 19754 | Orc:1    | Noticed Erica
 19767 | Orc:1    | Killed Erica
 19796 | Orc:1    | Found a roughly hewn altar of Beogh.
 20386 | Orc:2    | Entered Level 2 of the Orcish Mines
 20456 | Orc:2    | Gained mutation: You are clumsy. (Dex -2) [a neqoxec]
 20953 | Orc:2    | Found Qyloax's General Store.
 20953 | Orc:2    | Found Myomyiju's Armour Boutique.
 20953 | Orc:2    | Found Kaiggun's Food Boutique.
 20956 | Orc:2    | Found Xanoy's Armour Shop.
 21077 | Orc:2    | Found a staircase to the Elven Halls.
 21164 | Orc:2    | Found a roughly hewn altar of Beogh.
 21773 | Swamp:1  | Entered Level 1 of the Swamp
 21799 | Swamp:1  | Reached skill level 17 in Axes
 22215 | Swamp:4  | Entered Level 4 of the Swamp
 22820 | Swamp:4  | HP: 5/129 [swamp dragon (5)]
 22821 | Swamp:4  | HP: 2/129 [spriggan druid/angry trees (3)]
 22821 | Swamp:4  | Killed from afar by a spriggan druid

Levels and vault maps discovered:
D:1:      erik_arrival_cave_to_civilisation [erik_arrival_cave_to_hall],
          layout_rooms, minivault_27
D:2:      layout_basic, lemuel_crystal_altar
D:3:      layout_rooms, first_ration, gammafunk_ghost_stat_death, uniq_ijyb
D:4:      layout_rooms, grunt_temple_overflow_bloody_war, lemuel_doored_altar,
          ebering_ghost_inner_flame, uniq_blork_the_orc
D:5:      layout_basic, minmay_temple_entry_mini_moons,
          nemelex_diamond_rough_becter
D:6:      layout_basic, lemuel_round_altar, fedhas_ov_isle_minmay, serial_shops,
          nicolae_shop_window_shopping, solitary_fountain,
          minmay_fractal_squares_gapless_5
D:7:      layout_loops_ring, marbit_many_paths, minmay_lizard_king, uniq_pikel
D:8:      layout_basic, grunt_temple_overflow_opulence,
          due_lair_maze_entry_diamond, basic_altar,
          lightli_ossuary_entry_decrepit_ruins, gammafunk_ghost_icy
D:9:      layout_basic
D:10:     gammafunk_the_bubble [the_bubble_gammafunk_split], layout_layer_cave,
          gammafunk_ghost_icy, uniq_gastronok
D:11:     layout_stronghold, portal_ice_cave_demonic_guard, serial_shops,
          nicolae_shop_statue_plus, the_bakery, minmay_sticks_and_stones,
          uniq_fannar
D:12:     layout_layer_cave, zombieorc1_lemuel, lemuel_altar_in_water
Lair:1:   layout_loops_ring, st_stairs_3, minmay_lair_oklob_chamber,
          grunt_megastairs_5, serial_bayou_shore_a
Lair:2:   layout_hall_layers, ebering_ghost_inner_flame
Lair:3:   layout_hall_layers, swamp_mist, dummy_snake_entry
Lair:4:   minmay_lair_oklob_tunnel, layout_hall_layers, gammafunk_ghost_arena
Lair:5:   layout_misc_corridors, grunt_megastairs_1, serial_bayou_shore_b
Lair:6:   minmay_lair_end_frog_pond, layout_cave_pods, slime_altar_1
Swamp:1:  layout_basic_swamp, serial_swamp_ruin, evilmike_swamp_ruin_rubble_2,
          evilmike_swamp_ruin_house_2
Swamp:2:  layout_falls_marsh, evilmike_swamp_ruin_house_5, uniq_nikola
Swamp:3:  layout_falls_marsh, nicolae_swamp_treefoil
Swamp:4:  swamp, layout_basic_swamp, infiniplex_staircase_pool
Orc:1:    layout_caves, basic_altar, serial_shops, shop_fountains, uniq_erica
Orc:2:    st_orc_mages, layout_diamond_mine, basic_altar

Skill      XL: |  1  2  3  4  5  6  7  8  9 10 11 12 13 14 |
---------------+-------------------------------------------+-----
Axes           | 3 4 5 6 8 9 11 13 14 16 17 | 17.3
Fighting       | 4 5 6 7 8 10 11 12 13 | 13.2
Armour         | 4 5 6 7 8 10 11 12 13 | 13.2
Shields        | 4 5 6 7 8 10 | 10.9
Evocations     | 1 2 3 4 5 |  5.0
Invocations    | 1 2 3 4 5 7 8 9 10 | 10.5
Dodging        | 2 5 7 |  7.5

Action                   |  1- 3 |  4- 6 |  7- 9 | 10-12 | 13-15 || total
-------------------------+-------+-------+-------+-------+-------++-------
Melee: War axe           |    84 |   150 |   332 |   396 |       ||   962
       Headbutt          |    13 |    24 |    65 |   101 |   137 ||   340
       Executioner's axe |       |       |       |    51 |   745 ||   796
Invok: Lesser Servant of |       |       |       |     9 |     2 ||    11
 Abil: Evoke Berserk Rag |       |       |       |     1 |     2 ||     3
Evoke: Wand              |       |       |     2 |    19 |    11 ||    32
  Use: Scroll            |       |       |    11 |    15 |     6 ||    32
       Potion            |       |       |     6 |     3 |     1 ||    10
 Stab: Distracted        |       |       |       |     1 |       ||     1
  Eat: Chunk             |     1 |     5 |     9 |    21 |    31 ||    67
       Ration            |       |       |     1 |     1 |     2 ||     4
Armor: Scale mail        |    14 |       |       |       |       ||    14
       Chain mail        |    44 |    77 |   175 |   124 |       ||   420
       Skin              |       |       |    16 |       |       ||    16
       Plate armour      |       |       |       |   172 |   694 ||   866
Dodge: Dodged            |    19 |    33 |    93 |   156 |   441 ||   742
Block: Shield            |    40 |    94 |   189 |   253 |       ||   576
